 Dungeon Crawl Stone Soup version 0.29.1-1-gd02db6906a (webtiles) character file.

Game seed: 9065798685281528487

188 groovy9 the Shooter (level 6, 0/44 HPs)
             Began as a Formicid Hunter on Sept 18, 2022.
             Slain by Grinder (5 damage)
             ... on level 3 of the Dungeon.
             The game lasted 00:05:49 (1724 turns).

groovy9 the Shooter (Formicid Hunter)               Turns: 1724, Time: 00:05:50

Health: 0/44       AC:  4    Str: 16    XL:     6   Next: 0%
Magic:  6/6        EV: 12    Int:  8    God:
Gold:   1260       SH:  0    Dex: 19    Spells: 5/5 levels left

rFire   . . .      SeeInvis +   a - +1 shortbow
rCold   . . .      Faith    .   (no shield)
rNeg    . . .      Spirit   .   c - +0 leather armour
rPois   .          Reflect  .   (helmet unavailable)
rElec   .          Harm     .   (no cloak)
rCorr   .          Rampage  .   l - +0 pair of gloves
Will    .....                   (no boots)
Stlth   ++........              (no amulet)
HPRegen 0.14/turn               e - ring of wizardry
MPRegen 0.10/turn               (no ring)

@: no status effects
A: permanent stasis, dig shafts and tunnels, antennae 3, four strong arms
a: Dig, Shaft Self


You were on level 3 of the Dungeon.
You visited 1 branch of the dungeon, and saw 3 of its levels.

You collected 1260 gold pieces.

Inventory:

Hand Weapons
 a - a +1 shortbow (weapon)
 b - a +0 dagger
Missiles
 m - a throwing net
Armour
 c - a +0 leather armour (worn)
 l - a +0 pair of gloves (worn)
Jewellery
 e - a ring of wizardry (left hand)
Scrolls
 f - a scroll of brand weapon
 j - a scroll of immolation
Potions
 d - 3 potions of mutation
 k - a potion of resistance
 n - a potion of brilliance {unknown}


   Skills:
 - Level 2.1 Fighting
 + Level 6.7 Ranged Weapons
 - Level 1.7 Dodging
 - Level 1.2 Stealth


You had 5 spell levels left.
You didn't know any spells.
Your spell library contained the following spells:

 Spells                   Type           Power      Damage    Failure   Level
 Ozocubu's Armour         Ice            0%         N/A       52%         3
 Ozocubu's Refrigeration  Ice            0%         4d7       100%        7


Dungeon Overview and Level Annotations

Branches:
Dungeon (3/15)

Altars:
Wu Jian

Annotations:
D:3 Grinder


Innate Abilities, Weirdness & Mutations

You cannot be hasted, slowed, berserked, paralysed or teleported.
You can dig through walls and to a lower floor.
You have a pair of large antennae on your head. (SInv)
Your four strong arms can wield two-handed weapons with a shield.


Message History

Grinder hits you but does no damage.
Fire: a) +1 shortbow
Press: ? - help, Q - select action, (/) - cycle Shift-Dir - straight line, f/p - Grinder
Aim: Grinder (heavily wounded, strong, 63% to hit)
You shoot an arrow. The arrow hits Grinder.
Grinder is severely wounded.
Grinder hits you. Grinder gestures at you. Pain shoots through your body!
Fire: a) +1 shortbow
Press: ? - help, Q - select action, (/) - cycle Shift-Dir - straight line, f/p - Grinder
Aim: Grinder (severely wounded, strong, 63% to hit)
You shoot an arrow. The arrow barely misses Grinder.
Grinder hits you.
You writhe in agony.
You feel better. Grinder gestures at you.
Your stasis prevents you from being paralysed.
Fire: a) +1 shortbow
Press: ? - help, Q - select action, (/) - cycle Shift-Dir - straight line, f/p - Grinder
Aim: Grinder (severely wounded, strong, 63% to hit)
You shoot an arrow. The arrow hits Grinder.
Grinder is severely wounded.
Grinder hits you!
You writhe in agony.
* * * LOW HITPOINT WARNING * * *
You feel better. Grinder hits you.
You writhe in agony.
* * * LOW HITPOINT WARNING * * *
Fire: a) +1 shortbow
Press: ? - help, Q - select action, (/) - cycle Shift-Dir - straight line, f/p - Grinder
Aim: Grinder (severely wounded, strong, 63% to hit)
You shoot an arrow. The arrow closely misses Grinder.
Grinder hits you.
* * * LOW HITPOINT WARNING * * *
You writhe in agony.
* * * LOW HITPOINT WARNING * * *
Fire: a) +1 shortbow
Press: ? - help, Q - select action, (/) - cycle Shift-Dir - straight line, f/p - Grinder
Aim: Grinder (severely wounded, strong, 63% to hit)
You shoot an arrow. The arrow closely misses Grinder.
Grinder hits you.
You die...

#.# .. ... .### # ..####...
....... ### ..... ... ...
... #5# #... #@# ###...
.#######.# #.....
.........####### #.....
########........ #.....
#.####### #..... { #.#
#...## ##########.# #.....
...........# #.#...
#######.##############.#(..


You could see Grinder (strong).

Vanquished Creatures
  An orc priest (D:3)
  A hound (D:3)
  An iguana (D:3)
  3 gnolls (D:2)
  An adder (D:3)
  A worm (D:3)
  A dart slug (D:1)
  4 orcs (D:3)
  6 ball pythons
  4 bats
  4 endoplasms
  A giant cockroach (D:1)
  3 hobgoblins
  7 jackals
  4 kobolds
  2 quokkas
  2 frilled lizards (D:1)
  7 goblins
  3 rats
56 creatures vanquished.

Notes
Turn   | Place    | Note
-------+----------+-------------------------------------------
     0 | D:1      | groovy9 the Formicid Hunter began the quest for the Orb.
     0 | D:1      | Reached XP level 1. HP: 16/16 MP: 1/1
    82 | D:1      | Reached XP level 2. HP: 22/22 MP: 2/2
   295 | D:1      | Reached XP level 3. HP: 22/27 MP: 3/3
   433 | D:1      | Reached skill level 5 in Ranged Weapons
  1158 | D:2      | Reached XP level 4. HP: 33/33 MP: 4/4
  1356 | D:3      | Found an ornate altar of the Wu Jian Council.
  1358 | D:3      | Identified a scroll of acquirement
  1358 | D:3      | Acquired 1197 gold pieces
  1364 | D:3      | Reached skill level 6 in Ranged Weapons
  1364 | D:3      | Reached XP level 5. HP: 38/38 MP: 5/5
  1671 | D:3      | Reached XP level 6. HP: 44/44 MP: 6/6
  1701 | D:3      | Noticed Grinder
  1711 | D:3      | HP: 2/44 [Grinder (6)]
  1724 | D:3      | Slain by Grinder

Illustrated notes

Levels and vault maps discovered:
D:1:      dpeg_arrival_radiant, layout_basic
D:2:      layout_loops_ring
D:3:      minmay_angry_zag, layout_basic, nicolae_wu_jian_wuxing_cycle,
          nicolae_overflow_hidden_temple, gup_sewer_entry_pipe, uniq_grinder

Skill      XL: |  1  2  3  4 |
---------------+-------------+-----
Ranged Weapons | 5 6 |  6.7
Fighting       | |  2.1
Dodging        | |  1.7
Stealth        | |  1.2

Action                   |  1- 3 |  4- 6 || total
-------------------------+-------+-------++-------
 Fire: Shortbow          |    81 |    77 ||   158
 Abil: Dig               |     2 |       ||     2
  Use: Scroll            |     6 |     2 ||     8
       Potion            |       |     3 ||     3
Armor: Leather armour    |    14 |     4 ||    18
Dodge: Dodged            |    28 |    21 ||    49
